Cogmind - Beta 16 @@@ ROGUE MODE // 2025.12.12 @ 08:54:58 // Winter2019/RPGLIKE Player: Gallgagger Result: Self-destructed Performance ------------- Evolutions (1) 500 Regions Visited (6) 1200 Robots Destroyed (128) 640 Value Destroyed (3978) 3978 Prototype IDs (41) 820 Alien Tech Used (0) 0 Bonus (1088) 1088 TOTAL SCORE: 8226 Bonus ------- High Alert Combat Kills 763 Follower Combat Kills 25 Aligned with FarCom 300 Cogmind --------- Core Integrity 600/600 Matter 219/300 Energy 263/265 System Corruption 0% Temperature Cool (6) Movement Flying (29) Location -8/Mines Parts ------- > --- POWER (2) -------- Improved Ion Engine > --- PROPULSION (3) --- VTOL Module VTOL Module VTOL Module > --- UTILITY (4) ------ Advanced Weight Redist. System Experimental Melee Analysis Suite Medium Reflective Plating > --- WEAPON (3) ------- Heavy Assault Rifle 8R-AWN's Boregun Longsword +1 > --- INVENTORY (4) ---- Improved Terrain Scanner 8R-AWN's Armor/EX Peak State ------------ > --- POWER ------------ Improved Ion Engine Reinforced Fission Core > --- PROPULSION ------- Advanced Myomer Leg VTOL Module VTOL Module > --- UTILITY ---------- Advanced Weight Redist. System 8R-AWN's Armor/EX > --- WEAPON ----------- Heavy Assault Rifle 8R-AWN's Boregun Longsword +1 > --- INVENTORY -------- Light Ion Engine Improved Terrain Scanner [Rating: 73] Favorites ----------- Power Light Ion Engine Engine Light Ion Engine Power Core Light Nuclear Core Propulsion VTOL Module Leg Advanced Myomer Leg Wheel Wheel Flight Unit VTOL Module Utility Improved Terrain Scanner Device Improved Terrain Scanner Processor Experimental Melee Analysis Suite Protection Medium Armor Plating Weapon Assault Rifle Energy Gun Small Laser Energy Cannon Advanced Beam Cannon Ballistic Gun Assault Rifle Slashing Weapon Longsword +1 Special Melee Weapon Datajack Build | -11 -10 -10 -9 -9 -9 -8 ------- Run | Yrd Mat Min Mat Min Exi Min Slots Evolved 8 | 3 . . 5 . . . Power 1 | . . . 1 . . . Propulsion 2 | 1 . . 1 . . . Utility 3 | 1 . . 2 . . . Weapon 2 | 1 . . 1 . . . Parts Attached 45 | 10 . 9 16 1 7 2 Power 8 | 1 . 3 3 . 1 . Engine 6 | 1 . 2 3 . . . Core 2 | . . 1 . . 1 . Reactor . | . . . . . . . Propulsion 13 | 4 . 5 3 . 1 . Treads . | . . . . . . . Leg 1 | . . . . . 1 . Wheel 9 | 4 . 5 . . . . Hover . | . . . . . . . Flight 3 | . . . 3 . . . Utility 12 | 2 . 1 5 . 2 2 Device 4 | 2 . 1 1 . . . Storage . | . . . . . . . Processor 1 | . . . . . . 1 Hackware . | . . . . . . . Protection 7 | . . . 4 . 2 1 Artifact . | . . . . . . . Weapon 12 | 3 . . 5 1 3 . Energy Gun 4 | 2 . . 2 . . . Energy Cannon 1 | . . . 1 . . . Ballistic Gun 5 | 1 . . 2 1 1 . Ballistic Cannon . | . . . . . . . Launcher . | . . . . . . . Special Weapon . | . . . . . . . Impact Weapon . | . . . . . . . Slashing Weapon 1 | . . . . . 1 . Piercing Weapon . | . . . . . . . Special Melee Weapon 1 | . . . . . 1 . Unidentified Prototypes 4 | . . . 3 . . 1 Parts Lost 1 | . . . . . 1 . Power . | . . . . . . . Propulsion . | . . . . . . . Utility 1 | . . . . . 1 . Weapon . | . . . . . . . Highest Loss Streak 1 | . . . . . 1 . To Critical Strikes . | . . . . . . . Average Backups 1 | . . 1 2 4 1 1 Power . | . . . . . . . Propulsion . | . . . . . . . Utility . | . . . . 2 . 1 Weapon . | . . . . 1 . . Tool/Special . | . . . . . . . Unused Backups 4 | . . . . . 3 1 Power 3 | . . . . . 3 . Propulsion . | . . . . . . . Utility . | . . . . . . . Weapon 1 | . . . . . . 1 Tool/Special . | . . . . . . . Average Slot Usage (%) 93 | . 100 100 85 99 95 73 Engine 11 | . 14 13 5 16 15 8 Core 1 | . . . 3 . . 2 Wheel 14 | . 28 28 6 . . . Flight 11 | . . . 18 25 25 25 Device 22 | . 28 28 18 22 19 8 Protection 4 | . . . 8 10 10 3 Energy Gun 11 | . 14 14 14 10 1 . Ballistic Gun 12 | . 14 14 9 13 14 16 Slashing Weapon 1 | . . . . . 4 8 Peak Build Rating 73 | 9 9 11 25 25 73 70 Average Rating 17 | 5 9 9 18 24 30 46 On Entrance 21 | . 9 9 11 25 25 70 Avg Prop Armor Cover (%) 2 | . . . 4 . 1 . Naked Turns . | . . . . . . . Heaviest Build 64 | 8 8 10 40 40 64 64 Greatest Support 37 | 37 25 25 31 31 36 36 Greatest Overweight (x) 1 | . . . 1 1 1 1 Average Overweight (x) . | . . . . . . . Largest Inventory Capacity 4 | 2 2 2 4 4 4 4 Average Capacity 2 | 1 2 2 2 4 4 4 Most Carried 4 | 2 2 2 4 4 4 4 Average Carried 2 | . 1 1 2 3 2 3 Final Capacity 4 | 2 2 2 4 4 4 4 Final Carried 4 | . 2 2 4 4 4 4 Class Distribution -------------------- 56% | Scavenger-Mutant 31% | Scavenger-Sprinter 5% | Sprinter 3% | Mutant Dominant Class ---------------- Scavenger-Mutant | -10/Materials Scavenger-Mutant | -10/Mines Scavenger-Sprinter | -9/Materials Scavenger-Sprinter | -9/Mines Scavenger-Sprinter | -9/Exiles Sprinter | -8/Mines Resources | -11 -10 -10 -9 -9 -9 -8 ----------- Run | Yrd Mat Min Mat Min Exi Min Matter Collected 2068 | 264 405 276 647 111 140 225 Remotely . | . . . . . . . Salvage Created 3833 | 56 896 258 2178 368 51 26 Parts 272 | 11 78 11 146 14 1 11 Haulers Intercepted 6 | . 2 . 4 . . . Recyclers Shooed . | . . . . . . . Parts Field Recycled . | . . . . . . . Retrieved Matter . | . . . . . . . Parts Self-Destructed . | . . . . . . . Prevented . | . . . . . . . Parts Restored . | . . . . . . . Kills | -11 -10 -10 -9 -9 -9 -8 ------- Run | Yrd Mat Min Mat Min Exi Min Combat Hostiles Destroyed 126 | . 31 20 57 9 4 5 Melee 2 | . . . . . 1 1 Guns 123 | . 31 20 57 8 3 4 Classes Destroyed 17 | 1 4 3 8 . . 1 Worker 4 | . . 2 1 1 . . Builder 1 | . . . 1 . . . Tunneler 4 | 3 . 1 . . . . Hauler 6 | . 2 . 4 . . . Recycler 1 | . . . 1 . . . Mechanic 2 | . . . 2 . . . Watcher 3 | . 1 . 2 . . . Swarmer 14 | . . . 8 3 . 3 Grunt 72 | . 28 3 37 4 . . Brawler 2 | . . . 2 . . . Duelist 1 | . . . 1 . . . Protector 1 | . . . 1 . . . Sentry 10 | . . . 8 2 . . Demolisher 1 | . . 1 . . . . Hunter 1 | . . . . . . 1 Subdweller 3 | . 3 . . . . . Assembled 19 | . . 16 . . 3 . Best Kill Streak 17 | 3 6 6 17 3 2 3 Combat Bots Only 9 | . 6 6 9 3 2 3 Max Kills in Single Turn 3 | 1 1 1 2 2 1 3 Gunslinging 1 | . . . 1 1 . . Exploded . | . . . . . . . Melee 1 | . . . . . 1 1 Uniques/NPCs Destroyed 2 | . . . . . 1 1 8R-AWN (-9/Exiles) CL-ANK (-8/Mines) Combat | -11 -10 -10 -9 -9 -9 -8 -------- Run | Yrd Mat Min Mat Min Exi Min Hostile Shots Fired 451 | . 140 66 146 30 62 7 Missed 152 | . 34 23 61 13 19 2 Hits 299 | . 106 43 85 17 43 5 Melee 8 | . . 3 . . 5 . Projectile 291 | . 106 40 85 17 38 5 AOE 10 | . . 10 . . . . Critical Strikes 17 | . 2 . 4 . 11 . Part Disruptions 5 | . . 3 . . 2 . Damage Taken 4349 | . 1413 888 1074 216 693 65 Core 3306 | . 1150 729 776 151 458 42 Absorbed by Shields . | . . . . . . . Redirected to Core 2482 | . 855 519 589 111 366 42 Core Remaining (%) 84 | 100 . 69 . . . . Volleys Fired 389 | 7 116 68 122 16 18 42 Largest 3 | 2 2 2 3 3 2 1 Hottest 135 | 60 60 60 135 135 46 30 Shots Fired 811 | 14 229 122 322 48 34 42 Gun 811 | 14 229 122 322 48 34 42 Cannon . | . . . . . . . Launcher . | . . . . . . . Special . | . . . . . . . Kinetic 417 | 7 116 62 129 27 34 42 Thermal 394 | 7 113 60 193 21 . . Explosive . | . . . . . . . Electromagnetic . | . . . . . . . Robot Hit Streak 51 | 11 51 9 32 17 5 12 Robot Miss Streak 6 | . 3 3 6 3 5 2 Penetration Max 2 | . . . . . . 2 Secondary Targets 13 | . 4 5 2 1 1 . Max Gunslinging Chain 1 | . 1 1 1 1 1 . Shots Hit Robots 610 | 11 177 84 218 33 48 39 Core Hits 248 | 4 67 45 89 14 12 17 Critical Kills 1 | . . . . . . 1 Critical Parts Destroyed 7 | . 2 1 . . . 4 Critical Strikes 26 | . 2 1 12 3 3 5 Burn 15 | . . . 12 3 . . Destroy 8 | . 2 1 . . . 5 Sever 3 | . . . . . 3 . Melee Attacks 33 | . . . . . 30 3 Impact . | . . . . . . . Slashing 24 | . . . . . 21 3 Piercing . | . . . . . . . Sneak Attacks 8 | . . . . . 7 1 Combat Hostiles 1 | . . . . . . 1 Follow-up Attacks . | . . . . . . . Damage Inflicted 9231 | 135 2137 1003 3565 522 1248 621 Guns 8085 | 135 2137 992 3565 522 295 439 Cannons . | . . . . . . . Explosions . | . . . . . . . Melee 1135 | . . . . . 953 182 Ramming 11 | . . 11 . . . . Kinetic 3765 | 67 1073 528 1151 212 295 439 Thermal 4320 | 68 1064 464 2414 310 . . Explosive . | . . . . . . . Electromagnetic . | . . . . . . . Impact . | . . . . . . . Slashing 1135 | . . . . . 953 182 Piercing . | . . . . . . . Highest Corruption . | . . . . . . . Average Corruption . | . . . . . . . Corruption Purged . | . . . . . . . Corruption Blocked . | . . . . . . . Overload Shots . | . . . . . . . Overflow Damage . | . . . . . . . Projectiles . | . . . . . . . Explosions . | . . . . . . . Melee . | . . . . . . . Knockbacks . | . . . . . . . Impact . | . . . . . . . Kinetic . | . . . . . . . Secondary . | . . . . . . . Self-Inflicted Damage 5 | . . 5 . . . . Shots . | . . . . . . . Rammed 4 | . . 4 . . . . Targets Rammed 4 | . . 4 . . . . Kicked . | . . . . . . . Crushed . | . . . . . . . Highest Temperature 137 | . 9 2 137 . . . Average Temperature 48 | . 5 2 58 . . . Received Heat Transfer 1580 | . 654 164 504 78 180 . Siege Activations . | . . . . . . . Martial Activations . | . . . . . . . Shielding Activations . | . . . . . . . Robots Disrupted . | . . . . . . . Combat Hostiles . | . . . . . . . Robots Corrupted . | . . . . . . . Combat Hostiles . | . . . . . . . Parts Fried . | . . . . . . . Impact Corruptions . | . . . . . . . Robots Melted 1 | . . . . 1 . . Combat Hostiles 1 | . . . . 1 . . Parts Melted 21 | . 5 . 11 5 . . Heat Transferred 10808 | 150 2375 1025 6333 925 . . Parts Sabotaged . | . . . . . . . Parts Stolen . | . . . . . . . Parts Stripped . | . . . . . . . Power Chain Reactions . | . . . . . . . Alert | -11 -10 -10 -9 -9 -9 -8 ------- Run | Yrd Mat Min Mat Min Exi Min Maximum Alert Level 4 | . 2 1 4 2 . . Low Security (%) 47 | 100 29 94 34 . . 100 Level 1 6 | . 10 5 6 . . . Level 2 34 | . 59 . 21 100 . . Level 3 5 | . . . 18 . . . Level 4 5 | . . . 18 . . . Level 5 . | . . . . . . . High Security . | . . . . . . . Max Security . | . . . . . . . Sterilizations 1 | . . . 1 . . . Peak Influence 1301 | 10 603 210 1301 646 . 60 Initial 501 | . . 210 16 501 . . Average 357 | 2 374 90 550 568 . 5 Influence Increases 3282 | 15 999 135 1756 275 . 102 Destroy 0b10 Robot/C 2040 | . 560 80 1120 200 . 80 Destroy 0b10 Robot/NC 110 | 15 15 15 60 5 . . Destroy Leader 468 | . 136 10 272 30 . 20 Allied During Kill 25 | . . . . 25 . . Select Force Hacks 400 | . 210 . 190 . . . Disable Machine 30 | . . . 15 15 . . Destroy Structure 14 | . 3 . 9 . . 2 Partial Spotted 15 | . . . 15 . . . Lose Combat Pursuer 180 | . 75 30 75 . . . Influence Decreases 3222 | 15 459 633 513 944 616 42 Entered New Map 1756 | . . 330 26 784 616 . Time Decay 1466 | 15 459 303 487 160 . 42 Squads Dispatched 25 | . 11 1 13 . . . Investigation 20 | . 10 1 9 . . . Extermination . | . . . . . . . Reinforcement 3 | . 1 . 2 . . . Assault 2 | . . . 2 . . . Garrison . | . . . . . . . Intercept . | . . . . . . . Searches Triggered . | . . . . . . . Construction Impeded . | . . . . . . . Haulers Reinforced . | . . . . . . . Active Scanning Responses . | . . . . . . . Cargo Convoy Interrupts . | . . . . . . . Stealth | -11 -10 -10 -9 -9 -9 -8 --------- Run | Yrd Mat Min Mat Min Exi Min Distress Signals 4 | . 1 . 3 . . . Communications Jammed . | . . . . . . . Distress Signals . | . . . . . . . Times Spotted 159 | . 40 27 70 10 7 5 Peak Tracking Total 9 | . 5 6 7 3 9 3 Tactical Retreats 11 | . 4 2 5 . . . Traps | -11 -10 -10 -9 -9 -9 -8 ------- Run | Yrd Mat Min Mat Min Exi Min Traps Triggered 4 | . 1 . 3 . . . Indirectly . | . . . . . . . Trap Hack Attempts . | . . . . . . . Triggered . | . . . . . . . Disarmed . | . . . . . . . Reprogrammed . | . . . . . . . Reused . | . . . . . . . Traps Extracted . | . . . . . . . Installed . | . . . . . . . Triggered . | . . . . . . . Machines | -11 -10 -10 -9 -9 -9 -8 ---------- Run | Yrd Mat Min Mat Min Exi Min Machines Disabled 6 | . . . 1 1 4 . Max in Single Turn 1 | . . . 1 1 1 . Machines Repaired . | . . . . . . . Machines Dismantled . | . . . . . . . Machines Sabotaged 5 | . 3 . 2 . . . Overloaded Fab Kills . | . . . . . . . Hacking | -11 -10 -10 -9 -9 -9 -8 --------- Run | Yrd Mat Min Mat Min Exi Min Machines Accessed 20 | . 9 1 9 . 1 . Terminals 11 | . 6 1 4 . . . Fabricators . | . . . . . . . Repair Stations 3 | . 1 . 2 . . . Recycling Units 4 | . 2 . 2 . . . Scanalyzers 1 | . . . 1 . . . Garrison Access . | . . . . . . . Total Hacks 31 | . 14 1 15 . 1 . Successful 20 | . 10 1 8 . 1 . Failed 11 | . 4 . 7 . . . Catastrophic . | . . . . . . . Database Lockouts . | . . . . . . . Manual 30 | . 13 1 15 . 1 . Terminals 19 | . 11 1 7 . . . Fabricators . | . . . . . . . Repair Stations 4 | . 1 . 3 . . . Recycling Units 6 | . 2 . 4 . . . Scanalyzers 1 | . . . 1 . . . Garrison Access . | . . . . . . . Terminal Hacks 3 | . 2 . . . 1 . Robot Analysis 2 | . 2 . . . . . Proto ID Catalog 1 | . . . . . 1 . Fabricator Hacks . | . . . . . . . Repair Station Hacks . | . . . . . . . Recycling Unit Hacks . | . . . . . . . Scanalyzer . | . . . . . . . Garrison Access Hacks . | . . . . . . . Unauthorized Hacks 17 | . 8 1 8 . . . Terminals 9 | . 5 1 3 . . . Sabotage 9 | . 5 1 3 . . . Fabricators . | . . . . . . . Repair Stations 3 | . 1 . 2 . . . Patch 3 | . 1 . 2 . . . Recycling Units 4 | . 2 . 2 . . . Tunnel 4 | . 2 . 2 . . . Scanalyzers 1 | . . . 1 . . . Extract 1 | . . . 1 . . . Garrison Access . | . . . . . . . Data Cores Recovered . | . . . . . . . Used . | . . . . . . . Hacking Detections 5 | . 2 . 3 . . . Full Trace Events 2 | . 1 . 1 . . . Feedback Events . | . . . . . . . Feedback Blocked . | . . . . . . . Robot Schematics Acquired . | . . . . . . . Robots Built . | . . . . . . . Authchips . | . . . . . . . Time . | . . . . . . . Total Robot Build Rating . | . . . . . . . Part Schematics Acquired 3 | . . . 3 . . . Parts Built . | . . . . . . . Authchips . | . . . . . . . Time . | . . . . . . . Total Part Build Rating . | . . . . . . . Part Studies Acquired . | . . . . . . . Parts Repaired . | . . . . . . . Time . | . . . . . . . Parts Recycled . | . . . . . . . Recycled Matter . | . . . . . . . Retrieved Matter . | . . . . . . . Retrieved Components . | . . . . . . . Parts Scanalyzed . | . . . . . . . Part Schematics Acquired . | . . . . . . . Parts Damaged . | . . . . . . . Bothacking | -11 -10 -10 -9 -9 -9 -8 ------------ Run | Yrd Mat Min Mat Min Exi Min Used RIF Installer . | . . . . . . . Robots Hacked 6 | . . . . . 6 . Non-combat 3 | . . . . . 3 . Combat 3 | . . . . . 3 . Robot Hacks Applied 7 | . . . . . 7 . parse_system 7 | . . . . . 7 . Relay Couplers Released . | . . . . . . . Fabnet Peak Effective % . | . . . . . . . Robots Rewired . | . . . . . . . Allies Hacked . | . . . . . . . Hacks Repelled . | . . . . . . . Allies | -11 -10 -10 -9 -9 -9 -8 -------- Run | Yrd Mat Min Mat Min Exi Min Total Allies 3 | . . . . 3 . . Largest Group 3 | . . . . 3 3 . Highest-Rated Group 73 | . . . . 73 73 . Highest-Rated Ally 31 | . . . . 31 31 . Total Orders . | . . . . . . . Ally Attacks 4 | . . . . 4 . . Total Damage 64 | . . . . 64 . . Kills 1 | . . . . 1 . . Allies Corrupted . | . . . . . . . Allies Melted . | . . . . . . . Intel | -11 -10 -10 -9 -9 -9 -8 ------- Run | Yrd Mat Min Mat Min Exi Min Active Infowar (turns) 4410 | 17 1445 828 1244 295 581 . Terrain 4406 | 17 1445 828 1242 293 581 . Seismic 3949 | 10 1445 658 1244 295 297 . Robot Analysis Total 2 | . 2 . . . . . Derelict Logs Recovered 3 | . . 1 . 2 . . Drone Launches . | . . . . . . . Drone Recoveries . | . . . . . . . Exploration | -11 -10 -10 -9 -9 -9 -8 ------------- Run | Yrd Mat Min Mat Min Exi Min Turns Passed 4965 | 84 1445 828 1350 328 642 288 Spaces Moved 4568 | 54 850 713 1240 484 988 239 Core 4 | 4 . . . . . . Treads . | . . . . . . . Legs . | . . . . . . . Wheels 1891 | 50 850 713 278 . . . Hover . | . . . . . . . Flight 2673 | . . . 962 484 988 239 Fastest Speed 29 | 50 80 80 29 29 29 29 Average Speed 54 | 85 80 80 44 33 33 51 Slowest Speed 117 | 100 80 80 117 109 112 109 Overloaded Moves . | . . . . . . . Propulsion Burnouts . | . . . . . . . Robots Hopped 11 | . . . 10 . . 1 Potential Cave-ins . | . . . . . . . Cave-ins Triggered . | . . . . . . . Exploration Rate (%) 67 | 4 99 99 61 98 90 20 Regions Visited 6 Branch Regions 4 Pre-discovered Areas 6 | . 2 2 2 . . . Known Exits Taken . | . . . . . . . Unknown Exits Taken 6 | 1 1 1 1 1 1 . Scrap Searched 6 | . . 2 . 3 . 1 Spaces Dug . | . . . . . . . Terrain Destroyed 5 | . . . . . . 5 Melee . | . . . . . . . Projectile 4 | . . . . . . 4 AOE . | . . . . . . . Terrain Rammed . | . . . . . . . Walls Destroyed . | . . . . . . . Machines Disabled . | . . . . . . . Actions | -11 -10 -10 -9 -9 -9 -8 --------- Run | Yrd Mat Min Mat Min Exi Min Total 6286 | 74 1387 852 1757 612 1245 359 Wait 976 | . 348 18 303 95 159 53 Move 4540 | 53 849 712 1219 483 987 237 Hop 11 | . . . 10 . . 1 Pick Up 21 | 2 6 . 4 1 8 . Fast Attach 23 | 5 . . 12 1 3 2 Attach 8 | 2 . . 1 1 4 . Detach 4 | . . . 2 . 1 1 Swap 34 | 3 . 9 13 2 7 . Drop 41 | 2 4 9 7 2 15 2 Fire 389 | 7 116 68 122 16 18 42 Melee 33 | . . . . . 30 3 Ram 4 | . . 4 . . . . Kick . | . . . . . . . Crush . | . . . . . . . Escape Stasis . | . . . . . . . Rewire . | . . . . . . . Trap . | . . . . . . . Miscellaneous 202 | . 64 32 64 11 13 18 Route ------- -11/Scrapyard -10/Materials (discovered 5 exits: *Mat x3 / *Min / [*Sub]) -10/Mines (discovered 3 exits: *Mat x2 / [*Sub]) -9/Materials (discovered 3 exits: [*Mat x2] / [*Min]) -9/Mines (discovered 4 exits: [*Mat x2] / *Exi / [*Zio]) -9/Exiles -8/Mines (discovered 1 exit: [*Mat]) History --------- Turn | Location | Event 2 | -11/Scrapyard | Upgraded with Propulsion slot (x1) 2 | -11/Scrapyard | Upgraded with Utility slot (x1) 2 | -11/Scrapyard | Upgraded with Weapon slot (x1) 18 | -11/Scrapyard | Discovered new exit (range 16) 85 | -11/Scrapyard | Entered Materials 179 | -10/Materials | Discovered new exit (range 16) 305 | -10/Materials | Build established: Scavenger-Mutant 457 | -10/Materials | Discovered new exit (range 5) 503 | -10/Materials | Reached level 2 557 | -10/Materials | Core integrity fell below 50% 667 | -10/Materials | Discovered new exit (range 10) 674 | -10/Materials | Reached level 3 897 | -10/Materials | Discovered new exit (range 8) 1185 | -10/Materials | Derelicts attacked the area 1208 | -10/Materials | Reached level 4 1459 | -10/Materials | Discovered new exit (range 15) 1530 | -10/Materials | Entered Mines 1568 | -10/Mines | Assembled infested the area 1579 | -10/Mines | Learned location of Zion (-7) 1795 | -10/Mines | Discovered new exit (range 13) 2083 | -10/Mines | Learned location of Storage (-8) 2256 | -10/Mines | Discovered new exit (range 12) 2262 | -10/Mines | Discovered new exit (range 8) 2358 | -10/Mines | Entered Materials 2360 | -9/Materials | Reached level 5 2452 | -9/Materials | Upgraded with Power slot (x1) 2452 | -9/Materials | Upgraded with Propulsion slot (x1) 2452 | -9/Materials | Upgraded with Utility slot (x1) 2452 | -9/Materials | Upgraded with Weapon slot (x1) 2520 | -9/Materials | Core integrity fell below 50% 2533 | -9/Materials | Reached level 6 2618 | -9/Materials | Discovered new exit (range 8) 2863 | -9/Materials | Reached level 7 2932 | -9/Materials | Discovered new exit (range 5) 2961 | -9/Materials | Destroyed 9 combat bots 2987 | -9/Materials | Discovered new exit (range 15) 3025 | -9/Materials | Reached level 8 3050 | -9/Materials | Build established: Scavenger-Sprinter 3158 | -9/Materials | First assault squad dispatched 3264 | -9/Materials | Destroyed 7 combat bots 3288 | -9/Materials | Reached level 9 3510 | -9/Materials | Sterilization system engaged 3510 | -9/Materials | Non-combat units ordered to evacuate 3609 | -9/Materials | Upgraded with Utility slot (x1) 3610 | -9/Materials | Combat units ordered to evacuate 3708 | -9/Materials | Entered Mines 3747 | -9/Mines | Discovered new exit (range 16) 3748 | -9/Mines | Met a Derelict bent on vengeance 3760 | -9/Mines | Reached level 10 3856 | -9/Mines | Discovered new exit (range 10) 3892 | -9/Mines | Found a hidden stash of uninstalled traps 3904 | -9/Mines | A Derelict revealed a hidden shortcut to a safe place 3911 | -9/Mines | Learned Materials emergency access door positions 3948 | -9/Mines | Learned Materials emergency access door positions 3969 | -9/Mines | Discovered new exit (range 16) 3976 | -9/Mines | Escorted by a lone wolf Derelict 3981 | -9/Mines | Deemed a non-threat by the Exiles lab entrance 4036 | -9/Mines | Entered Exiles 4036 | -9/Exiles | Accompanied by 3 allies 4066 | -9/Exiles | Led the pair of lost Derelicts to a safe place 4067 | -9/Exiles | Met 8R-AWN 4072 | -9/Exiles | Met EX-HEX 4080 | -9/Exiles | Met EX-BIN 4083 | -9/Exiles | Aligned with FarCom system 4083 | -9/Exiles | Given EX-Vault access code 4091 | -9/Exiles | Opened EX-Vault 4099 | -9/Exiles | Warned to stay clear of 0b10 Research branches 4107 | -9/Exiles | Met EX-DEC 4197 | -9/Exiles | Visited The Gauntlet 4247 | -9/Exiles | Found Longsword +1 4248 | -9/Exiles | Found AWS/Autocannon 4458 | -9/Exiles | Attacked by the Exiles 4590 | -9/Exiles | Destroyed 8R-AWN 4592 | -9/Exiles | Found 8R-AWN's Armor/EX 4598 | -9/Exiles | Found 8R-AWN's Boregun 4669 | -9/Exiles | Discovered new exit (range 10) 4678 | -9/Exiles | Stole two prototypes: Longsword +1, AWS/Autocannon 4678 | -9/Exiles | Entered Mines 4721 | -8/Mines | Discovered new exit (range 15) 4757 | -8/Mines | CL-ANK came to Exiles' defense 4916 | -8/Mines | Destroyed CL-ANK 4922 | -8/Mines | Found Prototype Processor 4922 | -8/Mines | Identified Exp. Melee Analysis Suite 4966 | -8/Mines | Self-destructed Last Messages --------------- 04928_ Used Protomatter to restore part integrity (+99) 04930_ Acquired Med. Reflective Plating. 04935_ Used Protomatter to restore part integrity (+74) 04942_ Acquired 24 matter. 04946_ Acquired 19 matter. 04955_ HV Slug penetrates Wall. 04957_ HV Slug penetrates S-10 Pest. 04957_ S-10 Pest suffers critical hit (Destroy). 04957_ S-10 Pest destroyed. 04957_ HV Slug penetrates S-10 Pest. 04957_ S-10 Pest destroyed. 04959_ Acquired 24 matter. 04963_ Used Protomatter to restore core integrity (+9) 04964_ Acquired 26 matter. 04964_ Acquired 39 matter. 04966_ Connecting with Terminal... 04966_ Current location identified: Mines Map ----- +----------------------------------------------------+ | ?????????????????????????????????????????????????? | | ?????????????????????????????????????????????????? | | ?????????????????????????????????????????????????? | | ?????????????????????????????????????????????????? | | ?????????????????????????????????????????????????? | | ?????????????????????????????????????????????????? | | ?????????????????????????????????????????????????? | | ?????????????????????????????????????????????????? | | ?????????????????????????????????????????????????? | | ?????????????????????????????????????????????????? | | ?????????????????????????????????????????????????? | | ?????????????????????????????????????????????????? | | ?????????????????????????????????????????????????? | | ?????????????????????????????????????????????????? | | ?????????????????????????????????????????????????? | | ?????????????????????????????????????????????????? | | ?????????????????????????????????????????????????? | | ?????????????????????????????????????????????????? | | ?????????????????????????????????????????????????? | | ?????????????????????????????????????????????????? | | ?????????????????????????????????????????????????? | | ?????????????????????????????????????????????###?? | | ?????????????????????????????????????????????# #?? | | ???????????????????????##?????????????????####"### | | ????????????????????####T######???????????# # | | ????????????????????# @ #???????????# # | | ????????????????????# #???????????# =< # | | ????????????????????# """ """ #???????????# # | | ????????????????????# """ """ #???????????# = # | | ????????????????????# """ """ #???????????# # | | ????????????????????# * #???????????# # | | ????????????????????# [ #???????????###" ### | | ????????????????????# *= #?????????????## #?? | | ????????????????????########%##??????????????#*#?? | | ???????????????????????????#=#???????????????#%#?? | | ???????????????????????????# #???????????????# #?? | | ???????????????????????????# #???????????????#=#?? | | ???????????????????????##### #???????????????# #?? | | ???????????????????????# #???????????????#*#?? | | ???????????????????????# ### #???????????????# #?? | | ???????????????????????????# #???????????????#=#?? | | ???????????????????????????# #???????#########*#?? | | ????????????? ??????#?????# ######??# !] * ==#?? | | ???????????? ## ???# ## ##?# #########?? | | ???????????? ## #! !### #?????????? | | ???????????? ! ! = #?????????? | | ???????????? = * =#####?????????? | | ???????????? #### ##?????????????? | | ?????????????## ???#####??????????????? | | ??????????????# ??????????????????????? | +----------------------------------------------------+ Best States ------------- Heat Dissipation 91 Energy Generation 26 Energy Capacity 475 Matter Stores 300 Matter Capacity 300 Sight Range 16 Terrain Scan Range 16 Terrain Scan Density 310 Additional Mass Support 9 Armor Coverage 900 Resistance: TH 15 Resistance: EX 90 Evasion (%) 64 Melee Accuracy 12 Item Schematics ----------------- Lgt. Cannon | -9/Materials | Extracted Imp. Ion Engine | -9/Materials | Extracted Weight Redist. System | -9/Materials | Extracted Robot Schematics ------------------ None Fabricated ------------ Nothing Repaired ---------- Nothing Studied --------- None Alien Tech Used ----------------- None Achievements -------------- None Challenges ------------ None RPGLIKE | -11 -10 -10 -9 -9 -9 -8 --------- Run | Yrd Mat Min Mat Min Exi Min Levels Raised 9 | . 3 . 5 1 . . XP Earned 17993 | 3000 4560 950 7696 670 117 1000 XP Spent 14020 | 2960 500 870 7790 . 1900 . Upgrades 36 | 10 1 4 16 . 5 . Power Slot 1 | . . . 1 . . . Propulsion Slot 2 | 1 . . 1 . . . Utility Slot 3 | 1 . . 2 . . . Weapon Slot 2 | 1 . . 1 . . . Heat Dissipation 11 | 3 . . 8 . . . Mass Support 3 | 1 . . 1 . 1 . Inventory Capacity 4 | 2 . . 2 . . . Terrain Scan Density 3 | . . 3 . . . . Ranged Accuracy 3 | 1 1 1 . . . . Melee Accuracy 2 | . . . . . 2 . TH Resistance % 1 | . . . . . 1 . EX Resistance % 1 | . . . . . 1 . Protomatter Created 2045 | . 630 187 889 75 104 160 Integrity Restored 4051 | . 1328 618 1216 216 312 361 Core 3306 | . 1078 618 959 151 312 188 Parts 745 | . 250 . 257 65 . 173 Protomatter Decayed 498 | . 74 . 423 . 1 . Game ------ Seed RocketProjectileClaymores Manual? 0 Play Time 00:49:35 Cumulative 474.1 hours Start 2025.12.12 @ 07:54:13 End 2025.12.12 @ 08:54:58 Sessions 1 Manual Loads 0 Difficulty Rogue Special Mode Winter2019/RPGLIKE Game No. 178 Rogue 24 Adventurer 154 Explorer 0 Win Type - Total 19 Types 4/3/3/3/2/1/0/1/1/1 Lore% 93 Gallery% 85 Achievement% 61 Wizard Run 0 Options --------- Layout 2 ASCII 0 Keyboard 0 Movement Numpad Keybinds 0 Fullscreen 2 Font 24/Smallcaps Map View 50x44 Zoom Use 0% Tactical HUD 1 Map Filters NONE Filters NONE Steam 1 RUN: ff3368d6-cf1a-44d1-9e2c-c8266e306dcf